 Dungeon Crawl Stone Soup version 0.31.0-32-g396128a36d (webtiles) character file.

Game seed: 7853613926389726377

1225 Doomgape the Ruffian (level 8, 0/81 HPs)
             Began as a Troll Fighter on Mar 16, 2024.
             Slain by a quokka (4 damage)
             ... on level 5 of the Dungeon.
             The game lasted 00:08:21 (2614 turns).

Doomgape the Ruffian (Troll Fighter)                Turns: 2614, Time: 00:08:22

Health: 0/81       AC:  4    Str: 27    XL:     8   Next: 23%
Magic:  7/7        EV: 16    Int:  4    God:
Gold:   325        SH:  0    Dex:  9    Spells: 7/7 levels left

rFire   . .          .
                       - Unarmed
rCold   . . .        (no shield)
rNeg    . . .        a - +0 robe
rPois   .            (helmet restricted)
rElec   .            (no cloak)
rCorr   .            (gloves unavailable)
SInv    .            (boots unavailable)
Will    .....        (no amulet)
Stlth   +            j - +5 ring of evasion
HPRegen 1.13/turn    (no ring)
MPRegen 0.10/turn

%: no passive effects
@: no status effects
A: large, unfitting armour, claws 3, regeneration 1, shaggy fur 1, tough skin 1
a: no special abilities


You were on level 5 of the Dungeon.
You visited 1 branch of the dungeon, and saw 5 of its levels.

You collected 325 gold pieces.

Inventory:

Armour
 a - a +0 robe (worn)
 b - a +1 kite shield
Jewellery
 j - a +5 ring of evasion (left claw)
Scrolls
 h - a scroll of enchant weapon
 i - a scroll of identify
 m - a scroll of poison
 o - 2 scrolls of fear
 q - a scroll of amnesia {unknown}
Potions
 c - a potion of might
 d - a potion of ambrosia {unknown}
 e - a potion of haste {unknown}
 g - 2 potions of mutation {unknown}
 k - a potion of cancellation {unknown}
 l - a potion of degeneration {unknown}
 n - a potion of curing
 p - a potion of resistance {unknown}


   Skills:
 + Level 5.4 Fighting
 + Level 5.3 Dodging
 - Level 2.6 Shields
 + Level 5.9 Unarmed Combat


You had 7 spell levels left.
You didn't know any spells.
Your spell library contained the following spells:

 Spells                   Type           Power      Damage    Failure   Level
 Freeze                   Ice            0%         1d3       50%         1
 Slow                     Hex            0%         N/A       50%         1
 Confusing Touch          Hex            0%         N/A       86%         3
 Frozen Ramparts          Ice            0%         1d1       86%         3
 Hailstorm                Conj/Ice       0%         3d5       86%         3
 Sigil of Binding         Hex            0%         N/A       86%         3
 Vampiric Draining        Necr           0%         2d6       86%         3


Dungeon Overview and Level Annotations

Branches:
Dungeon (5/15)             Temple (0/1) D:5

Altars:
Vehumet
The Shining One

Shops:
D:1 [   D:5 ?


Innate Abilities, Weirdness & Mutations

You are too large for most types of armour.
You have claws for hands.
Your natural rate of healing is unusually fast.
You are covered in fur. (AC +1)
You have tough skin. (AC +1)


Message History

* * * LOW HITPOINT WARNING * * *
The adder completely misses you.
You miss the adder.
The adder is moderately wounded.
You feel sick. The quokka misses you. The orc misses you.
The orc barely misses you. The orc hits you with a +0 trident!
* * * LOW HITPOINT WARNING * * *
The adder bites you but does no damage.
Unknown command.
You claw the adder!
You kill the adder!
You feel sick. The quokka closely misses you.
The orc hits you but does no damage. The orc hits you with a +0 short sword.
* * * LOW HITPOINT WARNING * * *
The orc closely misses you.
Unknown command.
You feel better. The quokka bites you.
* * * LOW HITPOINT WARNING * * *
The orc hits you with a +0 short sword.
* * * LOW HITPOINT WARNING * * *
The orc barely misses you. The orc hits you with a +0 trident.
* * * LOW HITPOINT WARNING * * *
The quokka closely misses you.
Unknown command.
You scratch the orc. You claw the orc.
You kill the orc!
The orc barely misses you. The orc hits you with a +0 short sword.
* * * LOW HITPOINT WARNING * * *
The quokka misses you.
Unknown command.
You scratch the orc.
The orc is heavily wounded.
The quokka bites you.
* * * LOW HITPOINT WARNING * * *
The orc closely misses you. x2
Unknown command.
You claw the orc!
You kill the orc!
The quokka bites you.
You die...

...###......###......###..
.. ##.##..# #........... .
#.....####...).....?.
......##....>........
.....#.............
.........##.........
...>..##..........
......###)........
......#r@)....###.
......)†.o....##
........∩.......#
............#....
.....##.....##..# .....
###.....### .... .......#
... ....<.## ... ......#


You could see an orc and a quokka.

Vanquished Creatures
  The ghost of ratatoskos the Vexing, a novice BaHs (D:4)
  A water moccasin (D:4)
  An ogre (D:4)
  2 centaurs (D:5)
  A phantom (D:5)
  A scorpion (D:4)
  A howler monkey (D:5)
  A bombardier beetle (D:5)
  2 hounds
  2 orc priests (D:5)
  An orc wizard (D:5)
  3 iguanas
  7 adders
  A white imp (D:5)
  2 ribbon worms
  A dart slug (D:2)
  8 orcs
  6 ball pythons
  4 bats
  7 endoplasms
  5 giant cockroaches
  3 goblins
  7 hobgoblins
  6 kobolds
  7 quokkas
  4 frilled lizards
  7 rats
92 creatures vanquished.

Vanquished Creatures (others)
  An orc wizard (D:5)
1 creature vanquished.

Grand Total: 93 creatures vanquished

Notes
Turn   | Place    | Note
-------+----------+-------------------------------------------
     0 | D:1      | Doomgape the Troll Fighter began the quest for the Orb.
     0 | D:1      | Reached XP level 1. HP: 22/22 MP: 0/0
   130 | D:1      | Reached XP level 2. HP: 25/29 MP: 1/1
   352 | D:1      | Found Bucloh's Armour Shop.
   504 | D:2      | Reached XP level 3. HP: 36/36 MP: 2/2
   753 | D:2      | Reached XP level 4. HP: 45/45 MP: 3/3
   946 | D:2      | Found a radiant altar of Vehumet.
  1155 | D:3      | Found a glowing golden altar of the Shining One.
  1356 | D:3      | Identified the +8 dagger "Tuosmenk" {freeze, Str+2 Int+4
                  | Dex-4}
  1766 | D:4      | Reached XP level 5. HP: 50/53 MP: 4/4
  1805 | D:4      | Noticed a yak
  1895 | D:4      | Found a runed translucent door.
  1904 | D:4      | Noticed ratatoskos's ghost (novice BaHs)
  1914 | D:4      | Killed ratatoskos's ghost
  1915 | D:4      | Reached XP level 6. HP: 58/62 MP: 5/5
  1927 | D:4      | Found a runed translucent door.
  1939 | D:4      | Noticed a water moccasin
  1944 | D:4      | Killed a water moccasin
  1945 | D:4      | Reached XP level 7. HP: 67/71 MP: 6/6
  2085 | D:4      | Reached skill level 5 in Unarmed Combat
  2441 | D:5      | Entered Level 5 of the Dungeon
  2480 | D:5      | Reached skill level 5 in Fighting
  2480 | D:5      | Reached skill level 5 in Dodging
  2517 | D:5      | Reached XP level 8. HP: 60/80 MP: 7/7
  2550 | D:5      | Found a staircase to the Ecumenical Temple.
  2560 | D:5      | Found Furasep's Magic Scroll Boutique.
  2613 | D:5      | HP: 3/81 [quokka (4)]
  2614 | D:5      | Slain by a quokka

Illustrated notes

Levels and vault maps discovered:
D:1:      moated_graveyard_arrival, layout_rooms, serial_shops,
          nicolae_shop_rolling_square, solitary_fountain
D:2:      layout_rooms, basic_altar, dk_noncrumbling_3
D:3:      layout_rooms, nicolae_overflow_hidden_temple, minmay_misc_feat_x,
          kennysheep_potato
D:4:      layout_basic, ebering_ghost_sewer_f, lightli_corner_chamber
D:5:      layout_cave_pools, lemuel_round_altar, minmay_temple_entry_offerings,
          serial_shops, shop

Skill      XL: |  1  2  3  4  5  6  7 |
---------------+----------------------+-----
Dodging        | 3 4 5 |  5.3
Fighting       | 3 4 5 |  5.4
Unarmed Combat | 3 4 5 |  5.9
Shields        | |  2.6

Action                     |  1- 3 |  4- 6 |  7- 9 || total
---------------------------+-------+-------+-------++-------
  Melee: Unarmed           |   111 |    74 |   101 ||   286
         Punch             |       |       |     5 ||     5
    Use: Scroll            |       |     6 |     3 ||     9
         Potion            |       |     1 |     5 ||     6
   Stab: Sleeping          |     1 |       |       ||     1
 Armour: Robe              |    51 |    27 |   108 ||   186
  Dodge: Dodged            |    40 |    32 |   136 ||   208
  Block: Kite shield       |    44 |    20 |       ||    64
